 Dungeon Crawl Stone Soup version 0.29-a0-565-g7a16c6de65 (webtiles) character file.

Game seed: 13659826042706459838

1605 Querens the Shield-Bearer (level 9, 0/71 HPs)
             Began as a Formicid Fighter on June 12, 2022.
             Was a Believer of Okawaru.
             Slain by Grum
             ... wielding a +0 glaive
              (23 damage)
             ... on level 6 of the Dungeon.
             The game lasted 00:18:36 (3362 turns).

Querens the Shield-Bearer (Formicid Fighter)        Turns: 3362, Time: 00:18:37

Health: 0/71       AC: 19    Str: 24    XL:     9   Next: 16%
Magic:  13/13      EV:  9    Int:  9    God:    Okawaru [**....]
Gold:   292        SH:  7    Dex: 16    Spells: 8/8 levels left

rFire   + . .      SeeInvis +   a - +0 war axe
rCold   . . .      Faith    .   c - +0 buckler
rNeg    . . .      Spirit   .   s - +0 plate armour
rPois   .          Reflect  .   (helmet unavailable)
rElec   .          Harm     .   y - +0 cloak
rCorr   .          Rampage  .   p - +1 pair of gloves
Will    .....                   (no boots)
Stlth   ..........              (no amulet)
HPRegen 0.21/turn               k - +6 ring of dexterity
MPRegen 0.13/turn               j - ring of protection from fire

@: heroic, studying Invocations
A: permanent stasis, dig shafts and tunnels, antennae 3, four strong arms
a: Dig, Shaft Self, Renounce Religion, Heroism


You were on level 6 of the Dungeon.
You worshipped Okawaru.
Okawaru was pleased with you.
You visited 1 branch of the dungeon, and saw 6 of its levels.

You collected 292 gold pieces.

Inventory:

Hand Weapons
 a - a +0 war axe (weapon)
Armour
 c - a +0 buckler (worn)
 p - a +1 pair of gloves (worn)
 s - a +0 plate armour (worn)
 y - a +0 cloak (worn)
Jewellery
 j - a ring of protection from fire (right hand)
 k - a +6 ring of dexterity (left hand)
 t - a ring of magical power
Wands
 q - a wand of charming (8)
Scrolls
 b - a scroll of amnesia {unknown}
 e - a scroll of blinking {unknown}
 g - 6 scrolls of teleportation
 i - a scroll of fear {unknown}
 l - 3 scrolls of poison
 r - a scroll of torment {unknown}
 u - a scroll of vulnerability {unknown}
 v - a scroll of magic mapping
 w - a scroll of brand weapon {unknown}
 x - a scroll of summoning {unknown}
Potions
 d - a potion of might
 f - a potion of curing
 h - 3 potions of cancellation
 m - 3 potions of haste
 n - 3 potions of mutation
 o - a potion of invisibility {unknown}


   Skills:
 + Level 6.4(11.4) Fighting
 + Level 5.3(10.3) Axes
 + Level 6.5(11.5) Armour
 + Level 7.7(12.7) Shields
 + Level 6.6 Invocations


You had 8 spell levels left.
You didn't know any spells.
Your spell library contained the following spells:

 Spells                   Type           Power      Damage    Failure   Level
 Beastly Appendage        Tmut           0%         N/A       99%         1
 Sandblast                Erth           0%         2d4       99%         1
 Sting                    Tmut/Pois      0%         1d3       99%         1
 Passwall                 Tmut/Erth      0%         N/A       100%        2
 Poisonous Vapours        Pois/Air       0%         N/A       100%        2
 Wereblood                Tmut           0%         N/A       100%        2
 Confusing Touch          Hex            0%         N/A       100%        3
 Conjure Flame            Conj/Fire      0%         6-21      100%        3
 Ignite Poison            Fire/Tmut/Pois 0%         N/A       100%        3
 Spider Form              Tmut/Pois      0%         N/A       100%        3
 Stone Arrow              Conj/Erth      0%         3d7       100%        3
 Corpse Rot               Necr/Pois/Air  0%         N/A       100%        4
 Olgreb's Toxic Radiance  Pois           0%         N/A       100%        4
 Sticky Flame             Conj/Fire      0%         2d3       100%        4
 Yara's Violent Unravell  Hex/Tmut       0%         3d3       100%        5
 Enfeeble                 Hex            0%         N/A       100%        7
 Borgnjor's Revivificati  Necr           0%         N/A       100%        8
 Necromutation            Tmut/Necr      0%         N/A       100%        8


Dungeon Overview and Level Annotations

Branches:
Dungeon (6/15)
 Temple: D:4-7

Altars:
Cheibriados
Fedhas
Kikubaaqudgha
Okawaru
Uskayaw
Wu Jian
Xom
Yredelemnul
Beogh

Annotations:
D:4 Edmund
D:5 3 runed translucent doors, Sickboy's ghost, amateur MiFi
D:6 Grum


Innate Abilities, Weirdness & Mutations

You cannot be hasted, slowed, berserked, paralysed or teleported.
You can dig through walls and to a lower floor.
You have a pair of large antennae on your head. (SInv)
Your four strong arms can wield two-handed weapons with a shield.


Message History

You slash the hound! The hound bites you but does no damage.
The hound completely misses you. The hound bites you but does no damage.
You closely miss the hound.
The hound is heavily wounded.
You closely miss the hound. The hound barely misses you.
The hound bites you but does no damage. The hound barely misses you.
You hit the hound.
The hound is almost dead.
You miss the hound. The hound bites you but does no damage.
The hound barely misses you. You block the hound's attack.
You hit the hound.
The hound is moderately wounded.
You slash the hound!
You kill the hound!
Okawaru accepts your kill. You block the hound's attack.
You hit the hound.
The hound is severely wounded.
The hound bites you but does no damage. x2
You closely miss the hound.
The hound is severely wounded.
The hound bites you but does no damage.
You slash the hound!
You kill the hound!
Okawaru accepts your kill.
You see here a hound corpse.
There is an open gate here.
You open the large door.
Grum the Hunter comes into view.
He is wielding a +0 glaive.
Grum growls angrily.
Grum hits you with a +0 glaive!
* * * LOW HITPOINT WARNING * * *
There is a large open door, spattered with blood here.
You hit Grum but do no damage. Grum barely misses you.
You hit Grum.
Grum is lightly wounded.
Grum hits you with a +0 glaive!
* * * LOW HITPOINT WARNING * * *
You feel better. Grum hits you with a +0 glaive!!
You die...

#.......###.....
#......#####....
#....†.'...##...
#......'...#
##.....'...#
#.....#####
#......###..
#...........
#..#@'#.....
#.##g.##..... #.
#..# ..... #
#### .... ....


You could see Grum.

Vanquished Creatures
  Sigmund (D:2)
  A water moccasin (D:5)
  An ice beast (D:5)
  2 centaurs
  A wolf (D:6)
  3 necrophages
  A scorpion (D:5)
  2 wights (D:4)
  A human zombie (D:4)
  2 orc priests (D:5)
  5 hounds
  3 jellies
  2 iguanas
  2 orc wizards (D:5)
  A scorpion zombie (D:4)
  A hound zombie (D:4)
  A mummy (D:4)
  A howler monkey zombie (D:4)
  3 gnolls (D:4)
  5 adders
  2 white imps
  3 adder zombies (D:4)
  3 dart slugs
  12 orcs
  3 endoplasms
  4 giant cockroaches
  5 goblins
  7 hobgoblins
  4 jackals (D:2)
  7 kobolds
  2 quokkas
  3 ball pythons
  4 bats
  2 frilled lizards
  6 rats
106 creatures vanquished.

Vanquished Creatures (collateral kills)
  An endoplasm (D:4)
  A goblin (D:4)
2 creatures vanquished.

Vanquished Creatures (others)
  A jelly (D:4)
  An endoplasm (D:4)
2 creatures vanquished.

Grand Total: 110 creatures vanquished

Notes
Turn   | Place    | Note
-------+----------+-------------------------------------------
     0 | D:1      | Querens the Formicid Fighter began the quest for the Orb.
     0 | D:1      | Reached XP level 1. HP: 18/18 MP: 1/1
   151 | D:1      | Reached XP level 2. HP: 24/24 MP: 2/2
   158 | D:1      | Found a faded altar of an unknown god.
   405 | D:1      | Reached XP level 3. HP: 15/29 MP: 3/3
   621 | D:2      | Found a hide-covered altar of Uskayaw.
   656 | D:2      | Noticed Sigmund
   666 | D:2      | Killed Sigmund
   667 | D:2      | Reached skill level 5 in Shields
   667 | D:2      | Reached XP level 4. HP: 28/38 MP: 4/4
   667 | D:2      | Reached XP level 5. HP: 32/43 MP: 5/5
   667 | D:2      | Reached XP level 6. HP: 36/49 MP: 6/6
   706 | D:2      | Identified the +6 dagger of the Wary Lives {vorpal, rPois
                  | Dex+4}
  1698 | D:4      | Found a snail-covered altar of Cheibriados.
  1798 | D:4      | Noticed Edmund
  1870 | D:4      | Found an iron altar of Okawaru.
  1888 | D:4      | Became a worshipper of Warmaster Okawaru
  1911 | D:4      | Found a shimmering altar of Xom.
  1923 | D:4      | You fall into a shaft and drop 1 floor!
  1923 | D:5      | Entered Level 5 of the Dungeon
  2293 | D:4      | Found a basalt altar of Yredelemnul.
  2299 | D:4      | Got Sif Muna's Handbook of Black Magic
  2331 | D:4      | Found an ancient bone altar of Kikubaaqudgha.
  2336 | D:4      | Reached skill level 1 in Invocations
  2336 | D:4      | Reached XP level 7. HP: 39/55 MP: 6/8
  2362 | D:4      | Reached skill level 5 in Fighting
  2362 | D:4      | Reached skill level 5 in Armour
  2362 | D:4      | Reached skill level 6 in Shields
  2554 | D:4      | Reached * piety under Okawaru
  2726 | D:5      | Found an ornate altar of the Wu Jian Council.
  2753 | D:5      | Noticed a spectral centipede
  2753 | D:5      | Noticed a spectral black mamba
  2753 | D:5      | Noticed a spectral cane toad
  2787 | D:5      | Noticed a water moccasin
  2803 | D:5      | Killed a water moccasin
  2804 | D:5      | Reached XP level 8. HP: 41/63 MP: 9/11
  2824 | D:5      | Reached ** piety under Okawaru
  2825 | D:5      | Reached skill level 7 in Shields
  2825 | D:5      | Reached skill level 5 in Invocations
  3214 | D:5      | Found a runed translucent gate.
  3214 | D:5      | Found a runed translucent gate.
  3214 | D:5      | Found a runed translucent gate.
  3220 | D:5      | Identified the +6 whip "Widowmaker" {drain, rF++ Int+4}
  3222 | D:5      | Noticed Sickboy's ghost (amateur MiFi)
  3294 | D:6      | Found a blossoming altar of Fedhas.
  3314 | D:6      | Reached skill level 5 in Axes
  3325 | D:6      | Reached XP level 9. HP: 35/69 MP: 13/13
  3358 | D:6      | Noticed Grum
  3362 | D:6      | Slain by Grum

Illustrated notes

Levels and vault maps discovered:
D:1:      lightli_molten_gateway, layout_loops_cross,
          shapermc_ecumenical_altar_notcrosses
D:2:      layout_loops_ring, basic_altar, minmay_tiny_reverse_x, uniq_sigmund
D:3:      layout_loops_cross
D:4:      layout_loops_ring, kennysheep_little_box, mainiacjoe_overflow_paths,
          okawaru_altar_gauntlet_db, lemuel_mausoleum_altar_kikubaaqudgha,
          lemuel_coloured_pillars_altar, uniq_edmund
D:5:      layout_basic, pdpol_wu_jian_five_deadly_venoms,
          biasface_ghost_orc_armoury
D:6:      gammafunk_cloud_chamber, layout_cave_pools, kennysheep_mini_moat,
          fedhas_bush_and_centaur_altar,
          mainiacjoe_overflow_concentric_impassable, serial_gnoll_camp,
          gnoll_camp_mini_hut, gnoll_camp_medium_02, gnoll_camp_mini_hut,
          gnoll_camp_mini_doghouse, grums_kennel

Skill      XL: |  1  2  3  4  5  6  7  8 |
---------------+-------------------------+-----
Fighting       | 4 5 6 |  6.4
Axes           | 3 4 5 |  5.3
Armour         | 4 5 6 |  6.5
Shields        | 5 6 7 |  7.7
Invocations    | 1 4 6 |  6.6

Action                   |  1- 3 |  4- 6 |  7- 9 || total
-------------------------+-------+-------+-------++-------
Melee: War axe           |    75 |    99 |   171 ||   345
Invok: Heroism           |       |       |     3 ||     3
 Abil: Dig               |       |     1 |       ||     1
Evoke: Wand              |       |     4 |       ||     4
  Use: Scroll            |       |       |     9 ||     9
       Potion            |       |       |     3 ||     3
 Stab: Confused          |       |       |     1 ||     1
Armor: Scale mail        |    41 |    35 |       ||    76
       Plate armour      |       |    21 |   112 ||   133
Dodge: Dodged            |    35 |    39 |    68 ||   142
Block: Buckler           |    23 |    33 |    46 ||   102

Table legend: (Time is in decaauts)
 A = Elapsed time spent in this place.
 B = Non-inter-level travel time spent in this place.
 C = Inter-level travel time spent in this place.
 D = Time resting spent in this place.
 E = Time spent auto-exploring this place.
 F = Levels seen in this place.
 G = Mean time per level.
                   A        B        C        D        E       F      G
               +--------+--------+--------+--------+--------+-----+--------+
         Total |   3471 |   3141 |    330 |     14 |      0 |   6 |  578.5 |
       Dungeon |   3471 |   3141 |    330 |     14 |      0 |   6 |  578.5 |
               +--------+--------+--------+--------+--------+-----+--------+

Top non-repeatable levels by time:
     D:4: 1005 daAuts
     D:5: 658 daAuts
     D:2: 630 daAuts
     D:3: 567 daAuts
     D:1: 524 daAuts
     D:6: 84 daAuts
